[Event "ICC Open 2015"]
[Site "Internet Chess Club"]
[Date "2015.05.29"]
[Round "7"]
[White "Sibelephant"]
[Black "Vladimirovich"]
[Result "1-0"]
[ICCResult "Black resigns"]
[WhiteElo "3230"]
[BlackElo "3276"]
[Opening "Nimzovich-Larsen attack: modern variation"]
[ECO "A01"]
[NIC "VO.08"]
[Time "15:18:46"]
[TimeControl "180+0"]

1. b3 e5 2. Bb2 Nc6 3. e3 g6 4. Bb5 Bg7 5. d4 exd4 6. Nf3 a6 7. Bxc6 dxc6 8.
O-O Nf6 9. Qxd4 Qxd4 10. Bxd4 O-O 11. Nbd2 Bf5 12. Rac1 Rad8 13. Nc4 b6 14.
Bb2 c5 15. h3 Ne4 16. Bxg7 Kxg7 17. Rfe1 Nc3 18. a3 Na2 19. Ra1 Bxc2 20.
Ncd2 Bxb3 21. Nxb3 Nc3 22. Rac1 Rd3 23. Nbd2 Na4 24. Nc4 b5 25. Nce5 Rxa3
26. Nd7 Ra8 27. Nxc5 Nxc5 28. Rxc5 b4 29. Rxc7 b3 30. Rb7 a5 31. Rd1 a4 32.
Rdd7 Ra1+ 33. Kh2 Rf8 34. Ng5 Kg8 35. Nxf7 Rxf7 36. Rxf7 b2 37. Rg7+ Kf8 38.
Rxh7 Kg8 39. Rhd7 {Black resigns} 1-0

[Event "ICC Open 2015"]
[Site "Internet Chess Club"]
[Date "2015.05.29"]
[Round "7"]
[White "Jack-Daniels"]
[Black "Gambit101"]
[Result "1-0"]
[ICCResult "Black forfeits on time"]
[WhiteElo "2867"]
[BlackElo "3131"]
[Opening "Nimzo-Indian: Reshevsky variation"]
[ECO "E46"]
[NIC "NI.10"]
[Time "15:18:10"]
[TimeControl "180+0"]

1. d4 Nf6 2. c4 e6 3. Nc3 Bb4 4. e3 O-O 5. Ne2 d5 6. a3 Be7 7. cxd5 exd5 8.
g3 c6 9. Bg2 a5 10. O-O Na6 11. Qc2 Re8 12. Bd2 Bg4 13. f3 Bh5 14. Nf4 Bg6
15. Nxg6 hxg6 16. Rad1 Rc8 17. Bc1 c5 18. Qb3 cxd4 19. exd4 Qd7 20. Na4 Rcd8
21. Bd2 b5 22. Nc3 b4 23. axb4 Nxb4 24. Bf4 Bd6 25. Bg5 Qf5 26. f4 Re3 27.
Qa4 Rde8 28. Bxf6 gxf6 29. Qxa5 Qc2 30. Nxd5 Re2 31. Nxf6+ Kh8 32. Bf3 R8e6
33. Qg5 Rxh2 34. Ng4 Rh5 35. Qd8+ Kg7 36. Nf2 Qb3 37. Qa8 Rh8 38. Qa3 Qc2
39. Qc3 Qf5 40. d5+ Rf6 41. Ng4 Rc8 42. Qxf6+ Qxf6 43. Nxf6 Kxf6 44. Rc1
Bc5+ 45. Kg2 Ke7 46. d6+ Kxd6 47. Rfd1+ Ke7 48. Rc4 Rc7 49. Rdc1 Na6 50. b4
Kd6 51. bxc5+ Nxc5 52. Rxc5 Rxc5 53. Rxc5 Kxc5 54. Kf2 Kd4 55. Ke2 f6 56. g4
g5 57. f5 Ke5 58. Ke3 Kd6 59. Kd4 Kd7 60. Kd5 Ke7 61. Kc6 Kf8 62. Kd7
{Black forfeits on time}
1-0

[Event "ICC Open 2015"]
[Site "Internet Chess Club"]
[Date "2015.05.29"]
[Round "7"]
[White "Durarbeyli"]
[Black "depressnyak"]
[Result "1-0"]
[ICCResult "Black resigns"]
[WhiteElo "2867"]
[BlackElo "3240"]
[Opening "Sicilian: Pelikan, Chelyabinsk variation"]
[ECO "B33"]
[NIC "SI.37"]
[Time "15:17:52"]
[TimeControl "180+0"]

1. e4 c5 2. Nf3 Nc6 3. d4 cxd4 4. Nxd4 Nf6 5. Nc3 e5 6. Ndb5 d6 7. Bg5 a6 8.
Na3 b5 9. Nd5 Be7 10. Bxf6 Bxf6 11. c4 Nd4 12. cxb5 Be6 13. Nc3 O-O 14. bxa6
d5 15. Bd3 dxe4 16. Nxe4 Be7 17. O-O Bxa3 18. bxa3 Bd5 19. Nc3 Bc6 20. Re1
Qg5 21. Ne4 Qe7 22. Rc1 Kh8 23. Qh5 f5 24. Ng3 e4 25. Bf1 Be8 26. Qh3 Bg6
27. Ne2 Ne6 28. Nc3 Qxa3 29. Qg3 f4 30. Qg4 Bf5 31. Qd1 e3 32. fxe3 fxe3 33.
Rxe3 Rad8 34. Qe1 Qc5 35. Ne4 Qb6 36. Ng3 Bg6 37. Kh1 Nd4 38. Bd3 Bxd3 39.
Rxd3 Qxa6 40. Rcd1 Nc6 41. Rxd8 Nxd8 42. Qd2 Ne6 43. h3 h6 44. Kh2 Rd8 45.
Qxd8+ Nxd8 46. Rxd8+ Kh7 47. Rd2 Qa5 48. Re2 Qc7 49. Re4 h5 50. a4 g5 51. h4
g4 52. Rb4 Qe5 53. Rb5 Qf4 54. Rxh5+ Kg6 55. Rg5+ Kf7 56. a5 Qd6 57. Rf5+
Qf6 58. Rxf6+ {Black resigns} 1-0

[Event "ICC Open 2015"]
[Site "Internet Chess Club"]
[Date "2015.05.29"]
[Round "7"]
[White "Kenana"]
[Black "chesswooog"]
[Result "0-1"]
[ICCResult "White forfeits on time"]
[WhiteElo "1787"]
[BlackElo "2112"]
[Opening "Nimzo-Indian: classical, Noa variation"]
[ECO "E34"]
[NIC "NI.23"]
[Time "15:18:23"]
[TimeControl "180+0"]

1. d4 Nf6 2. c4 e6 3. Nc3 Bb4 4. Qc2 d5 5. Bg5 O-O 6. e3 c6 7. Bd3 h6 8. Bh4
Nbd7 9. Ne2 Qc7 10. O-O e5 11. Bg3 Bd6 12. dxe5 Bxe5 13. Rac1 dxc4 14. Bxc4
Bxg3 15. Nxg3 Ne5 16. Be2 Be6 17. b3 Rad8 18. Nb5 Qb6 19. Nd4 Bg4 20. Bxg4
Nexg4 21. Qf5 Rd5 22. Qf3 Rfd8 23. h3 Ne5 24. Qe2 c5 25. Ndf5 Rd2 26. Qe1
Rxa2 27. Ne7+ Kf8 28. Ngf5 g6 29. f4 Nd3 30. Qd1 Nxc1 31. Qxc1 gxf5 32. Nxf5
Qe6 33. Qc3 Qxf5 {White forfeits on time} 0-1

[Event "ICC Open 2015"]
[Site "Internet Chess Club"]
[Date "2015.05.29"]
[Round "7"]
[White "suilven"]
[Black "muhit"]
[Result "1-0"]
[ICCResult "Black forfeits on time"]
[WhiteElo "1862"]
[BlackElo "2021"]
[Opening "Giuoco Pianissimo: Canal variation"]
[ECO "C55"]
[NIC "IG.01"]
[Time "15:18:01"]
[TimeControl "180+0"]

1. e4 e5 2. Nf3 Nc6 3. Bc4 Nf6 4. d3 Bc5 5. Nc3 d6 6. Bg5 Be6 7. Bb3 O-O 8.
h3 Bb4 9. O-O Bxc3 10. bxc3 a6 11. Re1 Na5 12. d4 exd4 13. cxd4 h6 14. Bd2
Nxb3 15. cxb3 d5 16. e5 Ne4 17. Be3 b6 18. Nd2 Nxd2 19. Qxd2 Qe7 20. Rac1
Rac8 21. Rc3 c5 22. Rec1 cxd4 23. Rxc8 Rxc8 24. Rxc8+ Bxc8 25. Qxd4 b5 26.
Qxd5 Bb7 27. Qd6 Qe8 28. Bc5 Kh7 29. Qc7 Bd5 30. f3 Qa8 31. Qd6 Be6 32. b4
a5 33. a3 axb4 34. axb4 Qa1+ 35. Kh2 Qb1 36. Qd2 Bc4 37. Qf4 Qc2 38. Qe4+
Qxe4 39. fxe4 Bd3 40. Kg3 Bxe4 41. Kf2 Kg6 42. g3 Kf5 43. Bd6 Ke6 44. Ke3
Kd5 45. Kf4 Bd3 46. Bf8 g6 47. Bxh6 Bf1 48. h4 Kc4 49. Bf8 Kd5 50. Bd6 Bd3
51. Kg5 Ke6 52. g4 Bc4 53. h5 gxh5 54. gxh5 Bd3 55. Kh6 Bf5 56. Kg7 Be4 57.
h6 {Black forfeits on time} 1-0

[Event "ICC Open 2015"]
[Site "Internet Chess Club"]
[Date "2015.05.29"]
[Round "7"]
[White "ForkNPin"]
[Black "Kenajode"]
[Result "1-0"]
[ICCResult "Black forfeits on time"]
[WhiteElo "1624"]
[BlackElo "1534"]
[Opening "Pirc defense"]
[ECO "B07"]
[NIC "PU.04"]
[Time "15:18:22"]
[TimeControl "180+0"]

1. e4 d6 2. d4 Nf6 3. Nc3 g6 4. f3 Bg7 5. Be3 O-O 6. Qd2 Nc6 7. e5 dxe5 8.
dxe5 Qxd2+ 9. Bxd2 Nxe5 10. O-O-O c6 11. f4 Neg4 12. Nh3 Bf5 13. g3 Ne4 14.
Rg1 Nxh2 15. Be2 Nxd2 16. Rxd2 Ng4 17. Bd3 Bxc3 18. bxc3 Bxd3 19. cxd3 Rfd8
20. d4 e6 21. Ng5 Rd7 22. Nf3 Rad8 23. Rgd1 Kg7 24. Ne5 Nxe5 25. fxe5 c5 26.
g4 cxd4 27. cxd4 Rc7+ 28. Rc2 Rdc8 29. Rxc7 Rxc7+ 30. Kd2 Rd7 31. Ke3 Rd5
32. Rc1 Ra5 33. Rc2 Ra3+ 34. Kf4 h6 35. Rb2 g5+ 36. Ke4 b6 37. Rc2 Rg3 38.
d5 Rxg4+ 39. Kf3 Rf4+ 40. Kg3 exd5 41. Rd2 d4 42. Rd3 h5 43. a4 Kg6 44. a5
Kf5 45. axb6 axb6 46. Rb3 Kxe5 47. Rxb6 h4+ 48. Kg2 Kf5 49. Rb5+ Kg4 50. Rd5
Re4 51. Rd7 f5 52. Rd5 f4 53. Kg1 Re3 54. Kh1 f3 55. Kg1 Kh3 56. Kf2 g4 57.
Rxd4 {Black forfeits on time} 1-0

[Event "ICC Open 2015"]
[Site "Internet Chess Club"]
[Date "2015.05.29"]
[Round "7"]
[White "Radja"]
[Black "nevidimka"]
[Result "1-0"]
[ICCResult "Black forfeits on time"]
[WhiteElo "2425"]
[BlackElo "2021"]
[Opening "Petrov: modern attack, Symmetrical variation"]
[ECO "C43"]
[NIC "RG.02"]
[Time "15:18:07"]
[TimeControl "180+0"]

1. e4 e5 2. Nf3 Nf6 3. d4 Nxe4 4. Bd3 d5 5. Nxe5 Bd6 6. Nc3 Nxc3 7. bxc3 Nd7
8. Nxd7 Bxd7 9. O-O O-O 10. Qh5 f5 11. Qf3 c6 12. Bf4 Qc7 13. Bxd6 Qxd6 14.
Rfe1 Rae8 15. g3 g6 16. h4 Re4 17. Bxe4 fxe4 18. Qe3 Bg4 19. f4 exf3 20. Kf2
Qa3 21. Reb1 b5 22. Rb3 Qa4 23. a3 a6 24. Re1 Qa5 25. Qg5 Bc8 26. Re7 Rf7
27. Re8+ Rf8 28. Qe5 Qd8 29. Rxd8 Rxd8 30. a4 Bf5 31. Kxf3 Be4+ 32. Ke3 Rf8
33. axb5 axb5 34. Ra3 Rf3+ 35. Ke2 Rf8 36. Ra7 {Black forfeits on time} 1-0

[Event "ICC Open 2015"]
[Site "Internet Chess Club"]
[Date "2015.05.29"]
[Round "7"]
[White "NFork"]
[Black "knightstar"]
[Result "1-0"]
[ICCResult "Black forfeits on time"]
[WhiteElo "2169"]
[BlackElo "1839"]
[Opening "Nimzovich-Larsen attack"]
[ECO "A01"]
[NIC "VO.08"]
[Time "15:18:19"]
[TimeControl "180+0"]

1. b3 g6 2. Bb2 Nf6 3. Nf3 Bg7 4. e3 O-O 5. c4 c5 6. Be2 Nc6 7. O-O d5 8.
cxd5 Nxd5 9. Bxg7 Kxg7 10. d4 cxd4 11. Nxd4 Nxd4 12. Qxd4+ Nf6 13. Qh4 Qc7
14. Na3 Qc5 15. Nc4 b5 16. Nd2 Qc2 17. Bf3 Rb8 18. Ne4 Rb6 19. Rfc1 Qd3 20.
Nc5 Qf5 21. a4 bxa4 22. Rxa4 Be6 23. Rxa7 Bxb3 24. Nxb3 Rxb3 25. Rxe7 Rb1
26. Qc4 Rfb8 27. Qxf7+ Kh6 28. Rc7 Rxc1+ 29. Rxc1 Rc8 30. Rd1 Qc2 31. Qxf6
Rc7 32. Qh4+ Kg7 33. Qd4+ Kh6 34. h4 Qc5 35. Qxc5 Rxc5 36. g4
{Black forfeits on time}
1-0

[Event "ICC Open 2015"]
[Site "Internet Chess Club"]
[Date "2015.05.29"]
[Round "7"]
[White "MichelRocard"]
[Black "yellow"]
[Result "1-0"]
[ICCResult "Black forfeits on time"]
[WhiteElo "1977"]
[BlackElo "1529"]
[Opening "French defense"]
[ECO "C00"]
[NIC "FR.01"]
[Time "15:18:16"]
[TimeControl "180+0"]

1. e4 e6 2. Nc3 c5 3. f4 Nc6 4. Bb5 Nge7 5. Nf3 a6 6. Bxc6 Nxc6 7. d4 cxd4
8. Nxd4 Bc5 9. Nxc6 bxc6 10. Qg4 O-O 11. Bd2 d5 12. e5 d4 13. Ne4 Be7 14.
O-O c5 15. Rf3 Bb7 16. Rg3 g6 17. f5 exf5 18. Qxf5 Qd5 19. Nf6+ Bxf6 20.
Qxf6 Rae8 21. Re1 Qd8 22. Qf4 f5 23. Qh6 Re6 24. Bg5 Qe8 25. Rh3 Rf7 26. Kf2
Rxe5 27. Rxe5 Qxe5 28. Qh4 Qe4 29. Rf3 Qxh4+ 30. Bxh4 Bxf3 31. gxf3 Rd7 32.
Ke2 Kf7 33. Bg5 Ke6 34. Bf4 c4 35. Kd2 Rd5 36. h4 Rb5 37. b3 c3+ 38. Kd3 Kd5
39. Bh6 Ra5 40. a4 Rc5 41. Bg7 g5 42. hxg5 Rc7 43. Bxd4 Re7 44. Bxc3 Re8 45.
f4 Re6 46. Be5 Rxe5 47. fxe5 Kxe5 48. b4 Kd5 49. b5 axb5 50. axb5
{Black forfeits on time}
1-0

[Event "ICC Open 2015"]
[Site "Internet Chess Club"]
[Date "2015.05.29"]
[Round "7"]
[White "mazmar6"]
[Black "Havank"]
[Result "1/2-1/2"]
[ICCResult "Game drawn because neither player has mating material"]
[WhiteElo "2118"]
[BlackElo "2092"]
[Opening "QGD Slav: 4.e3"]
[ECO "D11"]
[NIC "QP.08"]
[Time "15:18:02"]
[TimeControl "180+0"]

1. d4 d5 2. Nf3 Nf6 3. c4 c6 4. e3 a6 5. a4 Bf5 6. Bd3 Bxd3 7. Qxd3 e6 8.
O-O Nbd7 9. b3 Bd6 10. Bb2 O-O 11. Nbd2 Qe7 12. e4 dxe4 13. Nxe4 Nxe4 14.
Qxe4 Nf6 15. Qe2 Rfe8 16. Rfe1 Rad8 17. Rad1 Bb4 18. Rf1 Qc7 19. Ne5 Bd6 20.
f4 c5 21. dxc5 Bxc5+ 22. Kh1 Rxd1 23. Rxd1 Rd8 24. h3 Rxd1+ 25. Qxd1 Qd6 26.
Qxd6 Bxd6 27. g4 Bxe5 28. Bxe5 Nd7 29. Bd6 f6 30. Kg2 Kf7 31. Kf3 e5 32. Ke4
Ke6 33. Ba3 exf4 34. Kxf4 g5+ 35. Ke4 a5 36. b4 axb4 37. Bxb4 Ne5 38. c5 Nc6
39. Bc3 Ne7 40. a5 Nd5 41. Bd4 Nb4 42. Bc3 Nc6 43. Bd2 Ne7 44. Bc3 Nd5 45.
Bd2 Nc7 46. Bc3 Na6 47. Bd4 Nb4 48. Bc3 Nc2 49. c6 bxc6 50. a6 Na3 51. a7
Nb5 52. a8=Q Nxc3+ 53. Kd3 Nd5 54. Qxc6+ Ke5 55. Kc4 Ne3+ 56. Kc5 f5 57.
Qe8+ Kf4 58. Qh8 fxg4 59. hxg4 Nxg4 60. Qxh7 Nf6 61. Kd6 Ne4+ 62. Ke7 Nc3
63. Qf7+ Kg4 64. Ke6 Nd5 65. Kxd5 Kg3 66. Qg7 g4 67. Qg5 Kf3 68. Qxg4+ Kxg4
{Game drawn because neither player has mating material}
1/2-1/2

[Event "ICC Open 2015"]
[Site "Internet Chess Club"]
[Date "2015.05.29"]
[Round "7"]
[White "Sjelan"]
[Black "Piranha"]
[Result "1-0"]
[ICCResult "Black forfeits on time"]
[WhiteElo "2201"]
[BlackElo "1838"]
[Opening "Dutch"]
[ECO "A80"]
[NIC "HD.12"]
[Time "15:18:07"]
[TimeControl "180+0"]

1. d4 f5 2. Nf3 Nf6 3. c4 g6 4. Nc3 Bg7 5. Bf4 d6 6. e3 O-O 7. h3 c6 8. Be2
Nbd7 9. O-O Qe8 10. Bh2 e5 11. dxe5 dxe5 12. Qd6 e4 13. Ne5 Nxe5 14. Bxe5
Qd7 15. Rad1 Qxd6 16. Bxd6 Rd8 17. Be7 Rxd1 18. Rxd1 Be6 19. Na4 b6 20. b3
Kf7 21. Ba3 Ne8 22. Bb2 Bxb2 23. Nxb2 Ke7 24. c5 b5 25. f3 Rd8 26. Kf2 Rxd1
27. Nxd1 Bd5 28. Nc3 Nf6 29. fxe4 Bxe4 30. b4 Ke6 31. Bd1 Ke5 32. g3 Nd5 33.
Nxd5 Bxd5 34. a3 Ke4 35. Bf3+ Ke5 36. Bd1 Ke4 37. Bc2+ Ke5 38. h4 Be4 39.
Bb3 Bd5 40. Bd1 Be4 41. Ke2 Kd5 42. Bb3+ Ke5 43. Bg8 h6 44. Kd2 g5 45. hxg5
hxg5 46. Bf7 Bd5 47. Be8 Be4 48. Bd7 Bd5 49. Bc8 Be4 50. Kc3 Bd5 51. Kd2 Be4
52. Ke2 Bd5 53. Kf2 Be4 54. g4 fxg4 55. Bxg4 Bf5 56. Bf3 Be4 57. Bh5 Bf5 58.
Ke2 Be4 59. Kd2 Bd5 60. Be8 g4 61. Bh5 g3 62. Ke2 g2 63. Kf2 Kf5 64. Be8 Ke5
65. Bg6 Kf6 66. Bd3 Ke5 67. Be2 Be4 68. Bg4 Kd5 69. Bh3 Kc4 70. Bxg2 Bxg2
71. Kxg2 Kd3 72. Kf3 Kc4 73. Kf4 Kd5 74. e4+ {Black forfeits on time} 1-0

[Event "ICC Open 2015"]
[Site "Internet Chess Club"]
[Date "2015.05.29"]
[Round "7"]
[White "Discoverchess"]
[Black "AlexSlizhevsky"]
[Result "1-0"]
[ICCResult "Black forfeits on time"]
[WhiteElo "2458"]
[BlackElo "2008"]
[Opening "English, 1...Nf6 (Anglo-Indian defense)"]
[ECO "A15"]
[NIC "EO.64"]
[Time "15:18:29"]
[TimeControl "180+0"]

1. c4 Nf6 2. g3 e5 3. Bg2 d5 4. cxd5 Nxd5 5. Nc3 Nb6 6. e3 Be7 7. Nge2 O-O
8. O-O Nc6 9. f4 Bf5 10. fxe5 Bd3 11. e6 fxe6 12. Rxf8+ Bxf8 13. Nf4 Bf5 14.
Qb3 Na5 15. Qb5 Nbc4 16. d3 c6 17. Qa4 Ne5 18. d4 Nec4 19. Qd1 e5 20. Nfe2
exd4 21. exd4 Qb6 22. b3 Nd6 23. Bf4 Re8 24. Kh1 Qd8 25. d5 c5 26. Qd2 b6
27. Rd1 Nab7 28. Bg5 Qd7 29. Bf4 Bh3 30. Bf3 Bg4 31. Qd3 Bxf3+ 32. Qxf3 Nf5
33. d6 Kh8 34. Ne4 Nd8 35. Ng5 {Black forfeits on time} 1-0

[Event "ICC Open 2015"]
[Site "Internet Chess Club"]
[Date "2015.05.29"]
[Round "7"]
[White "LLEonidSTEin"]
[Black "Govindan"]
[Result "1-0"]
[ICCResult "Black forfeits on time"]
[WhiteElo "1847"]
[BlackElo "1561"]
[Opening "Queen's pawn game"]
[ECO "E61"]
[NIC "KI.76"]
[Time "15:18:08"]
[TimeControl "180+0"]

1. d4 Nf6 2. Nf3 d6 3. c4 g6 4. Nc3 Bg7 5. e3 O-O 6. Be2 c5 7. O-O Nc6 8. d5
Nb8 9. Qc2 Nbd7 10. Re1 Nb8 11. Rb1 Bf5 12. e4 Bg4 13. h3 Bxf3 14. Bxf3 Nbd7
15. Bf4 h6 16. Bg3 Ne8 17. b3 Qa5 18. Ne2 Ne5 19. Bxe5 Bxe5 20. Red1 Nf6 21.
g3 Kh7 22. Bg2 g5 23. f4 gxf4 24. gxf4 Bd4+ 25. Nxd4 cxd4 26. Rxd4 Rg8 27.
Kf2 Rg7 28. e5+ Kh8 29. exf6 exf6 30. Rdd1 Rag8 31. Rg1 Qc5+ 32. Kf1 Qe3 33.
Re1 Qxf4+ 34. Qf2 Qh2 35. Qxf6 Kh7 36. Be4+ Kh8 37. Rxg7 Qxh3+ 38. Bg2 Qd3+
39. Kg1 Rxg7 40. Re8+ Kh7 41. Qf2 Qd1+ 42. Kh2 {Black forfeits on time} 1-0

[Event "ICC Open 2015"]
[Site "Internet Chess Club"]
[Date "2015.05.29"]
[Round "7"]
[White "pvchandu"]
[Black "Reinerg"]
[Result "1-0"]
[ICCResult "Black forfeits on time"]
[WhiteElo "1405"]
[BlackElo "1282"]
[Opening "Nimzo-Indian: Kmoch variation"]
[ECO "E00"]
[NIC "QP.07"]
[Time "15:18:15"]
[TimeControl "180+0"]

1. d4 Nf6 2. c4 e6 3. f3 Bb4+ 4. Nc3 c5 5. d5 exd5 6. cxd5 d6 7. Be3 O-O 8.
Bf2 Bf5 9. e4 Bg6 10. a3 Bxc3+ 11. bxc3 b6 12. a4 a5 13. c4 Nbd7 14. Nh3 h6
15. Nf4 Bh7 16. Be2 Ne5 17. Nd3 Nxd3+ 18. Bxd3 Re8 19. O-O Nh5 20. Qd2 Rf8
21. Rab1 f5 22. Rb3 fxe4 23. fxe4 Nf4 24. Bc2 Qg5 25. Be3 Nh3+ 26. Kh1 Qg6
27. Rxf8+ Rxf8 28. Rb1 Qe8 29. gxh3 Bxe4+ 30. Bxe4 Qxe4+ 31. Kg1 Qxc4 32.
Qg2 Rf6 33. Rf1 Rxf1+ 34. Qxf1 {Black forfeits on time} 1-0

[Event "ICC Open 2015"]
[Site "Internet Chess Club"]
[Date "2015.05.29"]
[Round "7"]
[White "Warhabid"]
[Black "Tacticguy"]
[Result "0-1"]
[ICCResult "White checkmated"]
[WhiteElo "2282"]
[BlackElo "1969"]
[Opening "English: Neo-Catalan declined"]
[ECO "A14"]
[NIC "RE.09"]
[Time "15:18:04"]
[TimeControl "180+0"]

1. Nf3 Nf6 2. c4 e6 3. g3 d5 4. Bg2 Be7 5. O-O O-O 6. b3 c6 7. Bb2 b6 8. d4
Bb7 9. Nc3 Nbd7 10. Qc2 Rc8 11. e4 dxe4 12. Nxe4 c5 13. Nxf6+ Nxf6 14. Rad1
cxd4 15. Bxd4 Qc7 16. Rfe1 Rfd8 17. h4 Rd7 18. Ng5 h6 19. Bxf6 Bxf6 20. Qh7+
Kf8 21. Ne4 Bxe4 22. Qxe4 Rcd8 23. Rxd7 Qxd7 24. Re2 Qd3 25. Qg4 Ke7 26. Kh2
Rd4 27. Qf3 Qxf3 28. Bxf3 Rd3 29. Kg2 Kd6 30. Be4 Rd1 31. Bc2 Rd4 32. f4 Kc5
33. Kf3 Kb4 34. Be4 Ka3 35. h5 Rd1 36. Bh7 Ra1 37. Bg8 Rxa2 38. Rxa2+ Kxa2
39. Bxf7 Kxb3 40. Bxe6 Kb4 41. g4 a5 42. Ke4 a4 43. Kf5 a3 44. c5 bxc5 45.
Ba2 Kc3 46. g5 hxg5 47. fxg5 Bd4 48. h6 gxh6 49. gxh6 Kb2 50. Bd5 a2 51.
Bxa2 Kxa2 52. Ke4 Kb3 53. Kd3 Kb4 54. Kd2 Kc4 55. Kc2 Kd5 56. Kd2 Ke6 57.
Kc2 Kf7 58. Kd3 Kg6 59. h7 Kxh7 60. Kc4 Kg6 61. Kd3 Kf5 62. Kc4 Ke5 63. Kb3
Ke4 64. Kc4 Ke3 65. Kb3 Kd3 66. Ka2 c4 67. Kb1 Kd2 68. Ka2 c3 69. Ka3 c2 70.
Kb4 c1=Q 71. Kb5 Qc5+ 72. Ka6 Qb6# {White checkmated} 0-1

[Event "ICC Open 2015"]
[Site "Internet Chess Club"]
[Date "2015.05.29"]
[Round "7"]
[White "khekhm"]
[Black "ShadowLike"]
[Result "1/2-1/2"]
[ICCResult "Game drawn by repetition"]
[WhiteElo "2616"]
[BlackElo "2245"]
[Opening "Scotch: Potter variation"]
[ECO "C45"]
[NIC "SO.05"]
[Time "15:19:19"]
[TimeControl "180+0"]

1. e4 e5 2. Nf3 Nc6 3. d4 exd4 4. Nxd4 Bc5 5. Nb3 Bb6 6. Nc3 Qf6 7. Qf3 Qxf3
8. gxf3 d6 9. Nd5 Nge7 10. Nxb6 axb6 11. c3 Be6 12. c4 Nb4 13. Kd1 Rxa2 14.
Rxa2 Nxa2 15. Bd2 Nc6 16. Rg1 g6 17. f4 Nab4 18. Bc3 O-O 19. f5 Bd7 20. h4
Re8 21. f3 Kf8 22. fxg6 hxg6 23. h5 gxh5 24. Rg5 Na2 25. Bd2 h4 26. Rh5 h3
27. Bxh3 Bxh3 28. Rxh3 Nab4 29. Ke2 Na6 30. Bc3 Re6 31. Ke3 Rg6 32. Nd2 Nc5
33. Nf1 Rg2 34. Ng3 Na4 35. Bf6 Ke8 36. f4 Nxb2 37. f5 Nxc4+ 38. Kf4 N4e5
39. Rh8+ Kd7 40. Nh5 Rf2+ 41. Kg5 Rg2+ 42. Kf4 Rf2+ 43. Kg5 Rg2+ 44. Kf4
Rf2+ {Game drawn by repetition} 1/2-1/2

[Event "ICC Open 2015"]
[Site "Internet Chess Club"]
[Date "2015.05.29"]
[Round "7"]
[White "Lucas"]
[Black "triumphant1"]
[Result "1/2-1/2"]
[ICCResult "Game drawn because neither player has mating material"]
[WhiteElo "2527"]
[BlackElo "2116"]
[Opening "QGD Slav: 3.Nf3"]
[ECO "D11"]
[NIC "SL.01"]
[Time "15:18:31"]
[TimeControl "180+0"]

1. d4 d5 2. c4 c6 3. Nf3 Nf6 4. Qb3 Qb6 5. Nc3 Qxb3 6. axb3 Na6 7. Bf4 Nb4
8. Kd1 Bf5 9. Ne1 e6 10. c5 Be7 11. Ra4 a5 12. Bc7 Bd8 13. Bxd8 Kxd8 14. Na2
Nxa2 15. Rxa2 Ng4 16. Rg1 Nxf2+ 17. Kc1 Ng4 18. h3 Ne3 19. Kd2 Nxf1+ 20.
Rxf1 Ke7 21. Nf3 f6 22. Rfa1 Ra6 23. Rxa5 Rha8 24. b4 g5 25. Kc3 h5 26. Kb3
Kd7 27. Nd2 e5 28. e3 Bd3 29. Kc3 Be2 30. Re1 Bb5 31. Nb3 Ke6 32. Rxa6 bxa6
33. e4 Rd8 34. exd5+ cxd5 35. dxe5 fxe5 36. Nd4+ Kf6 37. Nxb5 axb5 38. Rf1+
Ke6 39. Ra1 d4+ 40. Kd3 Kf5 41. Rf1+ Ke6 42. Ke4 d3 43. Rd1 d2 44. Ke3 Rd4
45. Rxd2 Rxb4 46. Rc2 Rb3+ 47. Ke2 Kd7 48. c6+ Kc7 49. Kf2 e4 50. Ke2 g4 51.
hxg4 hxg4 52. Kf2 g3+ 53. Ke2 b4 54. Kd2 Rd3+ 55. Ke2 Rb3 56. Rc4 Rxb2+ 57.
Ke3 Rxg2 58. Rxe4 Rg1 59. Rxb4 Re1+ 60. Kf3 Kxc6 61. Kxg3 Re5 62. Rf4 Rd5
63. Kg4 Kc5 64. Rf5 Rxf5 65. Kxf5
{Game drawn because neither player has mating material}
1/2-1/2

[Event "ICC Open 2015"]
[Site "Internet Chess Club"]
[Date "2015.05.29"]
[Round "7"]
[White "Spirals"]
[Black "PITCHUS"]
[Result "1-0"]
[ICCResult "Black forfeits on time"]
[WhiteElo "2144"]
[BlackElo "1815"]
[Opening "Caro-Kann: two knights variation"]
[ECO "B10"]
[NIC "CK.01"]
[Time "15:18:26"]
[TimeControl "180+0"]

1. e4 c6 2. Nf3 d5 3. Nc3 dxe4 4. Nxe4 Nf6 5. Nxf6+ exf6 6. d4 Bd6 7. h3 O-O
8. Be2 Be6 9. O-O b5 10. Be3 Bd5 11. Bd3 Bc7 12. c3 Qd6 13. g3 Re8 14. Bf4
Qd7 15. Bxc7 Qxc7 16. Nh4 Be6 17. Re1 Nd7 18. Bf5 Nf8 19. Bxe6 Rxe6 20. Rxe6
Nxe6 21. Nf5 Rd8 22. Qg4 g6 23. Ne3 Ng7 24. h4 Qd7 25. Qxd7 Rxd7 26. Re1 Kf8
27. Kf1 Re7 28. Rd1 f5 29. d5 cxd5 30. Rxd5 a6 31. Rd6 Re6 32. Rd8+ Ne8 33.
Ra8 Rd6 34. Ra7 Nf6 35. c4 Ne4 36. Ke1 Nd2 37. cxb5 axb5 38. Rb7 Nf3+ 39.
Ke2 Nd4+ 40. Kf1 h6 41. b3 g5 42. hxg5 hxg5 43. a4 bxa4 44. bxa4 Ra6 45. Rb4
Nc6 46. Rc4 Ne5 47. Rc5 f6 48. Nxf5 Rxa4 49. Rc1 Ra2 50. Ne3
{Black forfeits on time}
1-0

[Event "ICC Open 2015"]
[Site "Internet Chess Club"]
[Date "2015.05.29"]
[Round "7"]
[White "Ancient"]
[Black "waynerooney"]
[Result "1-0"]
[ICCResult "Black checkmated"]
[WhiteElo "1919"]
[BlackElo "1949"]
[Opening "Scotch: Schmidt variation"]
[ECO "C45"]
[NIC "SO.03"]
[Time "15:17:56"]
[TimeControl "180+0"]

1. e4 e5 2. Nf3 Nc6 3. d4 exd4 4. Nxd4 Nf6 5. Nc3 Bb4 6. Nxc6 bxc6 7. Bd3 d5
8. exd5 cxd5 9. O-O O-O 10. Bg5 c6 11. Qf3 Be7 12. h3 h6 13. Bf4 Be6 14. Ne2
Bd6 15. Ng3 Rb8 16. b3 Rb4 17. Bd2 Rb8 18. Rfe1 Re8 19. Nf5 Bxf5 20. Qxf5
Ne4 21. Bxe4 dxe4 22. Rxe4 Rxe4 23. Qxe4 Qf6 24. Re1 Bc5 25. Be3 Bb4 26. Bd4
Qd6 27. c3 Bc5 28. Be5 Qd2 29. Bxb8 Bxf2+ 30. Kf1 Bxe1 31. Qxe1 Qd8 32. Bg3
Qf6+ 33. Kg1 Qf5 34. Kh2 Qc2 35. Qe8+ Kh7 36. Qe3 Qxa2 37. Be5 Qc2 38. Bd4
Qg6 39. Qg3 Qe6 40. Qxg7# {Black checkmated} 1-0

[Event "ICC Open 2015"]
[Site "Internet Chess Club"]
[Date "2015.05.29"]
[Round "7"]
[White "Pancake"]
[Black "The7thGuest"]
[Result "1-0"]
[ICCResult "Black checkmated"]
[WhiteElo "1763"]
[BlackElo "2025"]
[Opening "Old Benoni defense"]
[ECO "A43"]
[NIC "OI.09"]
[Time "15:18:32"]
[TimeControl "180+0"]

1. d4 c5 2. d5 b5 3. e4 a6 4. a4 b4 5. Nd2 d6 6. f4 g6 7. Ngf3 Bg7 8. h3 Nf6
9. Bd3 O-O 10. O-O Bb7 11. Nc4 e6 12. dxe6 Nxe4 13. Bxe4 Bxe4 14. Nxd6 Bxf3
15. exf7+ Kh8 16. Qxf3 Nd7 17. Be3 Qe7 18. Rad1 Bxb2 19. Rfe1 Bg7 20. Bxc5
Qf6 21. Bd4 Qh4 22. Bxg7+ Kxg7 23. Qb7 Nf6 24. Qxb4 Rad8 25. c4 Qxf4 26. Qd2
Qxd2 27. Rxd2 Kh6 28. c5 Rd7 29. Re6 Rfxf7 30. Nxf7+ Rxf7 31. c6 Kg5 32. Rf2
Rc7 33. Rexf6 h5 34. g3 h4 35. g4 a5 36. Rd6 Rg7 37. Rc2 Kf4 38. c7 Rxc7 39.
Rxc7 Kg3 40. Rd3+ Kf4 41. Rc4+ Ke5 42. Rc5+ Ke4 43. Rdc3 Kf4 44. Rxa5 g5 45.
Kf2 Ke4 46. Rxg5 Kd4 47. Re3 Kc4 48. a5 Kd4 49. a6 Kc4 50. a7 Kd4 51. Kf3
Kc4 52. Re4+ Kd3 53. a8=Q Kc3 54. Qd5 Kb2 55. Qd3 Kc1 56. Rc5+ Kb2 57. Re2+
Ka1 58. Ra5# {Black checkmated} 1-0

[Event "ICC Open 2015"]
[Site "Internet Chess Club"]
[Date "2015.05.29"]
[Round "7"]
[White "karodash"]
[Black "talaatabdin"]
[Result "1-0"]
[ICCResult "Black forfeits on time"]
[WhiteElo "1570"]
[BlackElo "1344"]
[Opening "Petrov: Cozio (Lasker) attack"]
[ECO "C42"]
[NIC "RG.03"]
[Time "15:18:10"]
[TimeControl "180+0"]

1. e4 e5 2. Nf3 Nf6 3. Nxe5 d6 4. Nf3 Nxe4 5. Qe2 Qe7 6. d3 Nf6 7. Bg5 Be6
8. Nc3 Nbd7 9. O-O-O O-O-O 10. Nd4 h6 11. Bh4 g5 12. Bg3 Nd5 13. Nxd5 Bxd5
14. Qxe7 Bxe7 15. Nf5 Bf6 16. a3 Be6 17. Ne3 Nb6 18. d4 Na4 19. c3 Bb3 20.
Re1 Rde8 21. Bd3 Re7 22. Nf5 Rxe1+ 23. Rxe1 h5 24. h4 gxh4 25. Bxh4 Bxh4 26.
Nxh4 Kd7 27. Bf5+ Be6 28. Bc2 Nb6 29. Nf5 Nd5 30. g3 f6 31. Ng7 Bg4 32. Bb3
Nb6 33. Be6+ Bxe6 34. Rxe6 Rg8 35. Rxf6 Rxg7 36. Rh6 {Black forfeits on
time} 1-0